 Dungeon Crawl Stone Soup version 0.31-a0-851-g7ff8af7976 (webtiles) character file.

Game seed: 16720758011667731155

4079 Maratek the Geomancer (level 10, -6/54 HPs)
             Began as a Gargoyle Earth Elementalist on Oct 6, 2023.
             Was a Follower of Vehumet.
             Mangled by a shadow (28 damage)
             ... on level 10 of the Dungeon.
             The game lasted 00:24:26 (10435 turns).

Maratek the Geomancer (GrEE)                       Turns: 10435, Time: 00:24:27

Health: -6/54      AC: 11    Str: 13    XL:     10   Next: 25%
Magic:  3/22       EV: 12    Int: 32    God:    Vehumet [*.....]
Gold:   238        SH:  0    Dex: 10    Spells: 17/25 levels left

rFire   + . .        q - staff of fire
rCold   . . .        (no shield)
rNeg    + . .        B - +0 robe {Will+}
rPois   ∞            G - +0 helmet
rElec   +            (no cloak)
rCorr   .            d - +0 pair of gloves
SInv    .            (no boots)
Will    ++...        H - amulet of faith
Stlth   ++           a - ring "Ulios" {Will+ Int+7}
HPRegen 0.29/turn    C - +6 ring of intelligence
MPRegen 0.18/turn

%: faith
@: hasted and slowed
A: sickness immunity, AC +7, negative energy resistance 1, electricity
resistance, torment resistance 1, petrification resistance
a: Renounce Religion


You were on level 10 of the Dungeon.
You worshipped Vehumet.
Vehumet was aware of your devotion.
You visited 2 branches of the dungeon, and saw 11 of its levels.

You collected 483 gold pieces.
You spent 245 gold pieces at shops.

Inventory:

Missiles
 b - a throwing net
Armour
 d - a +0 pair of gloves (worn)
 B - a +0 robe of willpower (worn)
 G - a +0 helmet (worn)
Magical Staves
 q - a staff of fire (weapon)
Jewellery
 a - the ring "Ulios" (left hand) {Will+ Int+7}
   (You acquired it on level 5 of the Dungeon)

   [ring of willpower]

   Int+7:     It affects your intelligence (+7).
   Will+:     It increases your willpower.
 C - a +6 ring of intelligence (right hand)
 H - an amulet of faith (around neck)
Wands
 w - a wand of charming (10)
 D - a wand of polymorph (6)
 E - a wand of quicksilver (8)
 F - a wand of mindburst (27)
Scrolls
 c - a scroll of fog
 e - a scroll of blinking
 g - 3 scrolls of revelation
 m - 2 scrolls of poison
 o - 4 scrolls of enchant armour
 p - 2 scrolls of brand weapon
 x - a scroll of vulnerability
 z - a scroll of identify
 A - 2 scrolls of enchant weapon
Potions
 f - 2 potions of ambrosia
 h - a potion of resistance
 j - a potion of enlightenment {unknown}
 k - 7 potions of curing
 l - 4 potions of brilliance {unknown}
 n - a potion of lignification {unknown}
 r - 2 potions of degeneration
 s - 5 potions of heal wounds
 t - a potion of might {unknown}
 u - a potion of attraction {unknown}
 v - a potion of invisibility {unknown}


   Skills:
 + Level 2.6 Fighting
 + Level 2.0 Staves
 + Level 3.2 Dodging
 + Level 4.5 Stealth
 + Level 8.4 Spellcasting
 + Level 6.1 Conjurations
 + Level 0.7 Transmutations
 + Level 10.1 Earth Magic
 + Level 0.1 Evocations


You had 17 spell levels left.
You knew the following spells:

 Your Spells              Type           Power      Damage    Failure   Level
a - Sandblast             Erth           100%       2d20      1%          1
b - Stone Arrow           Conj/Erth      100%       3d13      1%          3
c - Brom's Barrelling Bo  Conj/Erth      60%        2d8       1%          4

Your spell library contained the following spells:

 Spells                   Type           Power      Damage    Failure   Level
 Magic Dart               Conj           100%       1d8       1%          1
 Passwall                 Tmut/Erth      40%        N/A       1%          2
 Hailstorm                Conj/Ice       33%        3d8       3%          3
 Petrify                  Tmut/Erth      48%        N/A       3%          4
 Blink                    Tloc           26%        N/A       5%          2
 Anguish                  Hex/Necr       6%         N/A       34%         4
 Animate Dead             Necr           13%        N/A       34%         4
 Cause Fear               Hex            6%         N/A       34%         4
 Manifold Assault         Tloc           13%        N/A       34%         4
 Summon Ice Beast         Ice/Summ       13%        N/A       34%         4
 Simulacrum               Ice/Necr       6%         N/A       99%         6
 Enfeeble                 Hex            6%         N/A       100%        7
 Haunt                    Necr/Summ      6%         N/A       100%        7
 Infestation              Necr           6%         N/A       100%        8


Dungeon Overview and Level Annotations

Branches:
Dungeon (10/15)            Temple (1/1) D:7
   Lair: D:8-11         Orc: D:9-12

Altars:
Ashenzari
Cheibriados
Dithmenos
Elyvilon
Fedhas
Gozag
Kikubaaqudgha
Makhleb
Nemelex Xobeh
Okawaru
Qazlal
Ru
Sif Muna
Trog
Uskayaw
Vehumet
Xom
Yredelemnul
Zin
The Shining One

Shops:
D:5 ??(

Annotations:
D:3 3 runed translucent doors, Crazy Yiuf
D:8 2 transporters, Flugkiller's ghost, journeyman FoFi
D:9 2 runed translucent doors


Innate Abilities, Weirdness & Mutations

You are immune to sickness and miasma.
Your stone body is resilient. (AC +7)
You are immune to poison.
You resist negative energy. (rN+)
You are resistant to electric shocks. (rElec)
You are resistant to unholy torment.
You are immune to petrification.


Message History

Vehumet accepts your kill.
The stone arrow hits the orc warrior!!
The orc warrior is severely wounded.
Your surroundings suddenly seem different.
A wraith and 3 shadows come into view.
Found a club.
The shadow hits you.
Aiming: Charm
Press: ? - help, Q - select action, (/) - cycle Shift-Dir - straight line, f - wraith
Aim: a wraith (dormant, chance to affect: 17%)
The wraith resists with almost no effort.
The shadow slips into darkness.
The shadow flickers and vanishes!
Deactivating autopickup; reactivate with Ctrl-A.
The shadow strikes at you from the darkness!
Reactivating autopickup.
You open the door. 3 flying skulls come into view.
The flying skull gives a hideous shriek! x3
The shadow slips into darkness.
The shadow flickers and vanishes!
Deactivating autopickup; reactivate with Ctrl-A.
The flying skull hits you but does no damage.
The shadow slips into darkness.
The shadow flickers and vanishes!
The wraith closely misses you.
The flying skull attacks as it pursues you!
The flying skull hits you!
The shadow strikes at you from the darkness!
* * * LOW HITPOINT WARNING * * *
Reactivating autopickup.
You feel much better. The wraith hits you but does no damage.
The flying skull barely misses you. The shadow closely misses you.
You feel yourself speed up. The flying skull barely misses you.
The flying skull hits you but does no damage.
The shadow hits you.
Deactivating autopickup; reactivate with Ctrl-A.
You closely miss something. The wraith hits you. The wraith drains your vigour!
You feel yourself slow down. The flying skull barely misses you.
The shadow strikes at you from the darkness!
Ouch! That really hurt!
You die...

######## #
#.W....#
#.##@W....#
#zzzW..⌠..+
#.##......#
# #).....#
#####+##


You could see a wraith, 2 shadows and 3 flying skulls.

Vanquished Creatures
  Maurice (D:8)
  A wraith (D:9)
  2 steam dragons
  An acid dragon (D:8)
  Edmund (D:6)
  A water moccasin (D:6)
  A sky beast (D:7)
  An ice beast (D:7)
  A black bear (D:7)
  2 orc warriors
  2 ogres (D:5)
  A centaur (D:9)
  2 phantoms
  A bullfrog (D:7)
  2 kobold brigands
  4 scorpions
  A gnoll sergeant (D:8)
  3 wights (D:7)
  6 killer bees (D:7)
  7 electric eels (D:7)
  4 howler monkeys
  2 jellies
  4 hounds
  A gnoll bouda (D:9)
  4 orc priests (D:6)
  A sleepcap (D:7)
  2 iguanas
  Natasha (D:4)
  3 orc wizards
  Robin (D:3)
  7 adders
  9 gnolls
  2 shadow imps
  2 ufetubi
  2 worms (D:2)
  3 dart slugs
  18 orcs
  11 endoplasms
  4 giant cockroaches
  19 goblins
  12 hobgoblins
  5 jackals
  3 quokkas
  5 ball pythons
  5 bats
  4 frilled lizards
  17 kobolds
  6 rats
198 creatures vanquished.

Vanquished Creatures (collateral kills)
  A boulder (D:9)
1 creature vanquished.

Vanquished Creatures (others)
  A phantom (D:6)
  A scorpion (D:6)
  A hound (D:6)
  A boulder (D:8)
4 creatures vanquished.

Grand Total: 203 creatures vanquished

Notes
Turn   | Place    | Note
-------+----------+-------------------------------------------
     0 | D:1      | Maratek the Gargoyle Earth Elementalist began the quest for
                  | the Orb.
     0 | D:1      | Reached XP level 1. HP: 10/10 MP: 3/3
   149 | D:1      | Reached XP level 2. HP: 15/15 MP: 3/5
   385 | D:1      | Reached skill level 4 in Earth Magic
   722 | D:1      | Reached XP level 3. HP: 19/19 MP: 4/6
  1137 | D:2      | Reached XP level 4. HP: 24/24 MP: 5/8
  1664 | D:2      | You fall into a shaft and drop 2 floors!
  2546 | D:3      | Noticed Robin
  2567 | D:3      | Reached XP level 5. HP: 28/28 MP: 4/10
  2716 | D:3      | Killed Robin
  2727 | D:3      | Reached skill level 5 in Earth Magic
  2818 | D:3      | Found a large runed translucent door.
  2834 | D:3      | Found a large runed translucent door.
  3155 | D:3      | Found a runed translucent door.
  3156 | D:3      | Noticed Crazy Yiuf
  3250 | D:4      | Reached XP level 6. HP: 31/33 MP: 5/12
  3316 | D:4      | Noticed Natasha
  3320 | D:4      | Killed Natasha
  3552 | D:4      | Reached skill level 6 in Earth Magic
  3613 | D:4      | Learned a level 3 spell: Stone Arrow
  4002 | D:4      | Noticed a steam dragon
  4012 | D:4      | Killed a steam dragon
  4013 | D:4      | Reached skill level 5 in Spellcasting
  4013 | D:4      | Reached XP level 7. HP: 13/37 MP: 4/14
  4116 | D:5      | Entered Level 5 of the Dungeon
  4363 | D:5      | Reached skill level 1 in Fighting
  4419 | D:5      | Reached skill level 7 in Earth Magic
  4470 | D:5      | Found Futowurcho's Magic Scroll Shop.
  4527 | D:5      | Found Sisipt's Weapon Boutique.
  4687 | D:5      | Found Duikid's Magic Scroll Boutique.
  4690 | D:5      | Bought a scroll of brand weapon for 95 gold pieces
  4690 | D:5      | Bought a scroll of enchant weapon for 75 gold pieces
  4690 | D:5      | Bought a scroll of enchant armour for 75 gold pieces
  4743 | D:5      | Identified a scroll of acquirement
  4743 | D:5      | Acquired the ring "Ulios" {Will+ Int+7}
  4761 | D:5      | Found an opulent altar of Gozag.
  4761 | D:5      | Found a glowing silver altar of Zin.
  4769 | D:5      | Found a faded altar of an unknown god.
  4771 | D:5      | Found a stormy altar of Qazlal.
  4773 | D:5      | Found a blossoming altar of Fedhas.
  4997 | D:6      | Reached XP level 8. HP: 19/43 MP: 3/16
  5011 | D:6      | Reached skill level 1 in Conjurations
  5983 | D:6      | Reached skill level 8 in Earth Magic
  6503 | D:6      | Noticed Edmund
  6510 | D:6      | Killed Edmund
  7135 | D:7      | Reached skill level 1 in Staves
  7192 | D:7      | Reached XP level 9. HP: 47/47 MP: 12/19
  7763 | D:7      | Found a staircase to the Ecumenical Temple.
  7788 | Temple   | Entered the Ecumenical Temple
  7833 | Temple   | Became a worshipper of Vehumet
  8142 | D:7      | Reached skill level 9 in Earth Magic
  8177 | D:7      | Reached skill level 5 in Conjurations
  8516 | D:7      | Reached * piety under Vehumet
  8516 | D:7      | Offered knowledge of Magic Dart by Vehumet.
  8939 | D:8      | Reached XP level 10. HP: 54/54 MP: 15/22
  9177 | D:8      | Found a transporter.
  9178 | D:8      | Found a transporter.
  9178 | D:8      | Noticed Flugkiller's ghost (journeyman FoFi)
  9285 | D:8      | Noticed Maurice
  9492 | D:8      | Killed Maurice
  9493 | D:8      | Reached skill level 10 in Earth Magic
  9885 | D:8      | Learned a level 4 spell: Brom's Barrelling Boulder
 10232 | D:9      | Found a runed translucent door.
 10234 | D:9      | Found a runed translucent door.
 10421 | D:10     | Entered Level 10 of the Dungeon
 10432 | D:10     | HP: 1/54 [something (21)]
 10435 | D:10     | Mangled by a shadow

Illustrated notes

Levels and vault maps discovered:
D:1:      roderic_octagonal_star, layout_basic, nicolae_titane
D:2:      minmay_spotlight, layout_basic, grunt_ministairs_10,
          minmay_misc_feat_five
D:3:      layout_rooms, jmf_multi_god_temple2, uniq_robin,
          uniq_crazy_yiuf_cottage
D:4:      layout_loops_ring, uniq_natasha
D:5:      layout_loops_ring, chequers_temple_overflow_minitemple, serial_shops,
          nicolae_shop_crystal, nicolae_shop_real_fake_doors,
          nicolae_shop_bloodbath_and_beyond, serial_bayou_crossing
D:6:      layout_loops_corners, lemuel_flamethrower_2, uniq_edmund
D:7:      layout_basic, minmay_temple_entry_mini_moons, serial_bayou_lake_a
D:8:      layout_basic, gammafunk_ghost_hive, uniq_maurice
D:9:      lemuel_insect_pit, layout_basic, uniq_amaemon
D:10:     lemuel_vampire_tower, layout_gridville, uniq_fannar
Temple:   regret_index_temple_sphere_string

Skill      XL: |  1  2  3  4  5  6  7  8  9 10 |
---------------+-------------------------------+-----
Earth Magic    | 4 5 6 7 8 9 10 | 10.1
Spellcasting   | 3 4 5 7 8 |  8.4
Dodging        | 2 3 |  3.2
Stealth        | 3 4 |  4.5
Fighting       | 1 2 |  2.6
Conjurations   | 3 5 6 |  6.1
Staves         | 1 2 |  2.0
Transmutations | |  0.7
Evocations     | |  0.1

Action                     |  1- 3 |  4- 6 |  7- 9 | 10-12 || total
---------------------------+-------+-------+-------+-------++-------
  Melee: Unarmed           |    29 |       |       |       ||    29
         Punch             |     1 |       |       |       ||     1
         Staff             |       |     4 |    25 |     1 ||    30
   Cast: Sandblast         |    53 |   122 |     2 |       ||   177
         Stone Arrow       |       |     2 |   114 |    24 ||   140
         Brom's Barrelling |       |       |       |     5 ||     5
  Evoke: Wand              |       |       |       |     6 ||     6
    Use: Scroll            |       |     8 |     9 |     4 ||    21
         Potion            |       |       |     2 |     2 ||     4
 Armour: Robe              |    51 |    63 |    57 |    13 ||   184
  Dodge: Dodged            |    39 |    54 |    40 |     9 ||   142

Table legend: (Time is in decaauts)
 A = Elapsed time spent in this place.
 B = Non-inter-level travel time spent in this place.
 C = Inter-level travel time spent in this place.
 D = Time resting spent in this place.
 E = Time spent auto-exploring this place.
 F = Levels seen in this place.
 G = Mean time per level.
                   A        B        C        D        E       F      G
               +--------+--------+--------+--------+--------+-----+--------+
         Total |  10563 |  10263 |    300 |   1863 |   6991 |  11 |  960.3 |
       Dungeon |  10504 |  10260 |    244 |   1863 |   6991 |  10 | 1050.4 |
        Temple |     58 |      2 |     56 |      0 |      0 |   1 |   58.0 |
               +--------+--------+--------+--------+--------+-----+--------+

Top non-repeatable levels by time:
     D:6: 2145 daAuts
     D:7: 1707 daAuts
     D:2: 1215 daAuts
     D:8: 1092 daAuts
     D:4: 1043 daAuts
     D:1: 1009 daAuts
     D:3: 935 daAuts
     D:5: 857 daAuts
     D:9: 483 daAuts
  Temple: 58 daAuts
    D:10: 13 daAuts
